TOP OF THE 1ST |
Pittsburgh Pirates batting - Pitching for St. Louis Cardinals : LHP Steve Carlton
|
Pitching: LHP Steve Carlton
|
|
Batting: RHB Dan Gladden
|
0-0: Ball 1-0: Ball 2-0: Fly out, F6 (Popup, 6MS, EV 66.9 MPH)
|
Batting: SHB Chili Davis
|
0-0: Ball 1-0: Ground out 6-3 (Groundball, 6, EV 105.6 MPH)
|
Batting: RHB Rennie Stennett
|
0-0: Called Strike 0-1: Ground out 6-3 (Groundball, 6, EV 85.0 MPH)
|
Top of the 1st over - 0 runs, 0 hits, 0 errors, 0 left on base; Pittsburgh 0 - St. Louis 0 |
BOTTOM OF THE 1ST |
St. Louis Cardinals batting - Pitching for Pittsburgh Pirates : RHP Kelly Downs
|
Pitching: RHP Kelly Downs
|
|
Batting: SHB Otis Nixon
|
0-0: Ball 1-0: Ball 2-0: Ground out U3 (Groundball, 3L, EV 82.5 MPH)
|
Batting: LHB Jim Gantner
|
0-0: Called Strike 0-1: Ground out 4-3 (Groundball, 4, EV 100.6 MPH)
|
Batting: RHB Sixto Lezcano
|
0-0: Fly out, F8 (Line Drive, 8LD, EV 90.6 MPH)
|
Bottom of the 1st over - 0 runs, 0 hits, 0 errors, 0 left on base; Pittsburgh 0 - St. Louis 0 |
TOP OF THE 2ND |
Pittsburgh Pirates batting - Pitching for St. Louis Cardinals : LHP Steve Carlton
|
Batting: LHB Robert Lopez
|
0-0: Ball 1-0: Called Strike 1-1: Ground out 2-3 (Groundball, 2L, EV 66.9 MPH)
|
Batting: LHB Greg Walker
|
0-0: Ball 1-0: Ground out 5-3 (Groundball, 56S, EV 80.0 MPH)
|
Batting: RHB Mike C Brown
|
0-0: Ball 1-0: Ground out 5-3 (Groundball, 56, EV 85.0 MPH)
|
Top of the 2nd over - 0 runs, 0 hits, 0 errors, 0 left on base; Pittsburgh 0 - St. Louis 0 |
BOTTOM OF THE 2ND |
St. Louis Cardinals batting - Pitching for Pittsburgh Pirates : RHP Kelly Downs
|
Batting: LHB Pat Putnam
|
0-0: Ball 1-0: SINGLE (Flyball, 5D, EV 83.1 MPH)
|
Batting: RHB Bob Watson
|
0-0: Ball 1-0: Ball 2-0: Foul Ball, location: 2F 2-1: Ball 3-1: Foul Ball, location: 2F 3-2: Fly out, F8 (Line Drive, 8RM, EV 103.8 MPH)
|
Batting: LHB Mike Davis
|
0-0: Called Strike 0-1: Foul Ball, location: 2F 0-2: Ground out 6-3 (Groundball, 6S, EV 65.6 MPH) Pat Putnam to second
|
Batting: RHB Joe Torre
|
0-0: Ball 1-0: Foul Ball, location: 2F 1-1: Ball 2-1: Ground out 5-3 (Groundball, 56, EV 104.4 MPH)
|
Bottom of the 2nd over - 0 runs, 1 hit, 0 errors, 1 left on base; Pittsburgh 0 - St. Louis 0 |
TOP OF THE 3RD |
Pittsburgh Pirates batting - Pitching for St. Louis Cardinals : LHP Steve Carlton
|
Batting: SHB John Shelby
|
0-0: Ball 1-0: Called Strike 1-1: Ground out 6-3 (Groundball, 6S, EV 81.3 MPH)
|
Batting: SHB Ron Oester
|
0-0: Foul Ball, location: 2F 0-1: Called Strike 0-2: Strikes out swinging
|
Batting: RHB Kelly Downs
|
0-0: Ground out 3-1 (Groundball, 34S, EV 75.6 MPH)
|
Top of the 3rd over - 0 runs, 0 hits, 0 errors, 0 left on base; Pittsburgh 0 - St. Louis 0 |
BOTTOM OF THE 3RD |
St. Louis Cardinals batting - Pitching for Pittsburgh Pirates : RHP Kelly Downs
|
Batting: SHB Billy E Smith
|
0-0: Called Strike 0-1: Foul Ball, location: 2F 0-2: Ball 1-2: Strikes out swinging
|
Batting: LHB Steve Carlton
|
0-0: Called Strike 0-1: Foul Ball, location: 2F 0-2: Ball 1-2: Ball 2-2: Foul Ball, location: 2F 2-2: Ball 3-2: Base on Balls
|
Batting: SHB Otis Nixon
|
0-0: Fielders Choice at 2nd, 4-6 (Groundball, 4M, EV 111.3 MPH)
|
Batting: LHB Jim Gantner
|
0-0: Ball 1-0: Ball Otis Nixon steals 2nd, throwing error, E2 Otis Nixon to third 2-0: Ball 3-0: Called Strike 3-1: Foul Ball, location: 2F 3-2: Foul Ball, location: 2F 3-2: Base on Balls
|
Batting: RHB Sixto Lezcano
|
0-0: Ball 1-0: SINGLE (Line Drive, 5D, EV 100.0 MPH) Otis Nixon scores Jim Gantner to second
|
Batting: LHB Pat Putnam
|
0-0: Ball 1-0: Ball 2-0: Called Strike 2-1: Ball 3-1: Foul Ball, location: 2F 3-2: DOUBLE (Groundball, 3D, EV 96.3 MPH) Jim Gantner scores Sixto Lezcano to third Sixto Lezcano scores
|
Batting: RHB Bob Watson
|
0-0: Called Strike 0-1: Called Strike 0-2: Ball 1-2: Foul Ball, location: 2F 1-2: Fly out, F8 (Flyball, 8LD, EV 101.3 MPH)
|
Bottom of the 3rd over - 3 runs, 2 hits, 1 error, 1 left on base; Pittsburgh 0 - St. Louis 3 |
TOP OF THE 4TH |
Pittsburgh Pirates batting - Pitching for St. Louis Cardinals : LHP Steve Carlton
|
Batting: RHB Dan Gladden
|
0-0: Ball 1-0: Reached on error, E6 (Groundball, 6, EV 103.8 MPH)
|
Batting: SHB Chili Davis
|
0-0: Ball 1-0: Called Strike 1-1: Fly out, F8 (Flyball, 78S, EV 94.4 MPH)
|
Batting: RHB Rennie Stennett
|
Pickoff Throw to First - Out! 1-3 0-0: Ball 1-0: Ball 2-0: Fly out, F9 (Flyball, 89M, EV 90.6 MPH)
|
Top of the 4th over - 0 runs, 0 hits, 1 error, 0 left on base; Pittsburgh 0 - St. Louis 3 |
BOTTOM OF THE 4TH |
St. Louis Cardinals batting - Pitching for Pittsburgh Pirates : RHP Kelly Downs
|
Batting: LHB Mike Davis
|
0-0: Ball 1-0: Ball 2-0: Foul Ball, location: 2F 2-1: Foul Ball, location: 2F 2-2: Fly out, F6 (Flyball, 56D, EV 80.0 MPH)
|
Batting: RHB Joe Torre
|
0-0: Ball 1-0: Swinging Strike 1-1: Foul Ball, location: 2F 1-2: Ball 2-2: Ground out 4-3 (Groundball, 4, EV 93.1 MPH)
|
Batting: SHB Billy E Smith
|
0-0: Swinging Strike 0-1: Swinging Strike 0-2: Ball 1-2: Strikes out swinging
|
Bottom of the 4th over - 0 runs, 0 hits, 0 errors, 0 left on base; Pittsburgh 0 - St. Louis 3 |
TOP OF THE 5TH |
Pittsburgh Pirates batting - Pitching for St. Louis Cardinals : LHP Steve Carlton
|
Batting: LHB Robert Lopez
|
0-0: Called Strike 0-1: Fly out, F4 (Popup, 23, EV 93.1 MPH)
|
Batting: LHB Greg Walker
|
0-0: Ball 1-0: Ball 2-0: Swinging Strike 2-1: Ball 3-1: Called Strike 3-2: Strikes out swinging, 2-3 out at first.
|
Batting: RHB Mike C Brown
|
0-0: SINGLE (Line Drive, 56D, EV 95.0 MPH)
|
Batting: SHB John Shelby
|
0-0: Called Strike 0-1: Ball 1-1: Ball 2-1: TRIPLE (Line Drive, 7D, EV 105.6 MPH) Mike C Brown scores
|
Batting: SHB Ron Oester
|
0-0: Called Strike 0-1: Swinging Strike 0-2: Ball 1-2: Ball Wild Pitch! John Shelby scores 2-2: Strikes out swinging
|
Top of the 5th over - 2 runs, 2 hits, 0 errors, 0 left on base; Pittsburgh 2 - St. Louis 3 |
BOTTOM OF THE 5TH |
St. Louis Cardinals batting - Pitching for Pittsburgh Pirates : RHP Kelly Downs
|
Batting: LHB Steve Carlton
|
0-0: Called Strike 0-1: Ball 1-1: Foul Ball, location: 2F 1-2: Strikes out swinging, 2-3 out at first.
|
Batting: SHB Otis Nixon
|
0-0: Ball 1-0: Ball 2-0: Called Strike 2-1: SINGLE (Line Drive, 89S, EV 98.8 MPH)
|
Batting: LHB Jim Gantner
|
0-0: Ball Otis Nixon steals 2nd base 1-0: Ball 2-0: Called Strike 2-1: Ball Otis Nixon steals 3rd base 3-1: Fly out, F8 (Flyball, 89S, EV 85.6 MPH)
|
Batting: RHB Sixto Lezcano
|
0-0: Fly out, F9 (Flyball, 9, EV 90.6 MPH)
|
Bottom of the 5th over - 0 runs, 1 hit, 0 errors, 1 left on base; Pittsburgh 2 - St. Louis 3 |
TOP OF THE 6TH |
Pittsburgh Pirates batting - Pitching for St. Louis Cardinals : LHP Steve Carlton
|
Batting: RHB Kelly Downs
|
0-0: Foul Ball, location: 2F 0-1: Ball 1-1: Called Strike 1-2: Ball 2-2: Foul Ball, location: 2F 2-2: Foul Ball, location: 2F 2-2: Strikes out swinging
|
Batting: RHB Dan Gladden
|
0-0: Called Strike 0-1: Ball 1-1: Ball 2-1: Fly out, F6 (Flyball, 6D, EV 93.1 MPH)
|
Batting: SHB Chili Davis
|
0-0: Called Strike 0-1: Ball 1-1: Called Strike 1-2: SOLO HOME RUN (Flyball, 7D, EV 106.3 MPH), Distance : 372 ft
|
Batting: RHB Rennie Stennett
|
0-0: SINGLE (Line Drive, 8RS, EV 111.3 MPH)
|
Batting: LHB Robert Lopez
|
0-0: Ball 1-0: Foul Ball, location: 2F 1-1: Swinging Strike 1-2: Foul Ball, location: 2F 1-2: Ball 2-2: Ball 3-2: Ground out 6-3 (Groundball, 6M, EV 100.6 MPH)
|
Top of the 6th over - 1 run, 2 hits, 0 errors, 1 left on base; Pittsburgh 3 - St. Louis 3 |
BOTTOM OF THE 6TH |
St. Louis Cardinals batting - Pitching for Pittsburgh Pirates : RHP Kelly Downs
|
Batting: LHB Pat Putnam
|
0-0: Ball 1-0: Ground out 6-3 (Groundball, 6, EV 85.6 MPH)
|
Batting: RHB Bob Watson
|
0-0: Called Strike 0-1: Fly out, F8 (Line Drive, 8LM, EV 110.6 MPH)
|
Batting: LHB Mike Davis
|
0-0: Called Strike 0-1: TRIPLE (Flyball, 78XD, EV 88.1 MPH)
|
Batting: RHB Joe Torre
|
0-0: Ball 1-0: Ball 2-0: Ball 3-0: Called Strike 3-1: Foul Ball, location: 2F 3-2: SINGLE (Groundball, 6MD, EV 100.0 MPH) Mike Davis scores
|
Batting: SHB Billy E Smith
|
0-0: Called Strike 0-1: Called Strike 0-2: Ground out 6-3 (Groundball, 6S, EV 74.4 MPH)
|
Bottom of the 6th over - 1 run, 2 hits, 0 errors, 1 left on base; Pittsburgh 3 - St. Louis 4 |
TOP OF THE 7TH |
Pittsburgh Pirates batting - Pitching for St. Louis Cardinals : LHP Steve Carlton
|
Batting: LHB Greg Walker
|
0-0: Ball 1-0: Ball 2-0: Ground out 1-3 (Groundball, 15S, EV 75.6 MPH)
|
Batting: RHB Mike C Brown
|
0-0: Ground out 5-3 (Groundball, 5S, EV 63.8 MPH)
|
Batting: SHB John Shelby
|
0-0: Ball 1-0: Swinging Strike 1-1: Swinging Strike 1-2: Ball 2-2: Strikes out looking
|
Top of the 7th over - 0 runs, 0 hits, 0 errors, 0 left on base; Pittsburgh 3 - St. Louis 4 |
BOTTOM OF THE 7TH |
St. Louis Cardinals batting - Pitching for Pittsburgh Pirates : RHP Kelly Downs
|
Pinch Hitting: RHB Pascual D'Annunzio
|
0-0: Ball 1-0: Foul Ball, location: 2F 1-1: Called Strike 1-2: Ball 2-2: Foul Ball, location: 2F 2-2: Ball 3-2: Base on Balls
|
Pitching: RHP Mark Lemongello
|
|
Now in RF: Alex Campos
|
|
Batting: SHB Otis Nixon
|
0-0: Called Strike 0-1: Ball 1-1: Ball 2-1: Called Strike 2-2: Foul Ball, location: 2F 2-2: Ball 3-2: Fielders Choice at 2nd, 6-4 (Groundball, 6M, EV 106.9 MPH)
|
Batting: LHB Jim Gantner
|
0-0: Called Strike Otis Nixon steals 2nd base (no throw) 0-1: Ball 1-1: Ball Otis Nixon steals 3rd base 2-1: Fly out, F8 (Flyball, 8LS, EV 91.9 MPH)
|
Batting: RHB Sixto Lezcano
|
0-0: Called Strike 0-1: Ball Passed Ball! Otis Nixon scores 1-1: Foul Ball, location: 2F 1-2: SINGLE (Line Drive, 89S, EV 95.0 MPH)
|
Batting: LHB Pat Putnam
|
0-0: Ball 1-0: Ground out 4-3 (Groundball, 34D, EV 102.5 MPH)
|
Bottom of the 7th over - 1 run, 1 hit, 0 errors, 1 left on base; Pittsburgh 3 - St. Louis 5 |
TOP OF THE 8TH |
Pittsburgh Pirates batting - Pitching for St. Louis Cardinals : LHP Steve Carlton
|
Pitching: RHP Larry Andersen
|
|
Batting: SHB Ron Oester
|
0-0: Foul Ball, location: 2F 0-1: Ball 1-1: Ball 2-1: Swinging Strike 2-2: Foul Ball, location: 2F 2-2: Strikes out swinging
|
Batting: LHB Alex Campos
|
0-0: Ground out 6-3 (Groundball, 56D, EV 102.5 MPH)
|
Batting: RHB Dan Gladden
|
0-0: Ball 1-0: Ball 2-0: Called Strike 2-1: Called Strike 2-2: Strikes out swinging
|
Top of the 8th over - 0 runs, 0 hits, 0 errors, 0 left on base; Pittsburgh 3 - St. Louis 5 |
BOTTOM OF THE 8TH |
St. Louis Cardinals batting - Pitching for Pittsburgh Pirates : RHP Mark Lemongello
|
Batting: RHB Bob Watson
|
0-0: Ball 1-0: Foul Ball, location: 2F 1-1: Swinging Strike 1-2: Fly out, F9 (Flyball, 9, EV 92.5 MPH)
|
Batting: LHB Mike Davis
|
0-0: Swinging Strike 0-1: Ball 1-1: Foul Ball, location: 2F 1-2: Strikes out looking
|
Batting: RHB Joe Torre
|
0-0: Called Strike 0-1: Ball 1-1: Swinging Strike 1-2: Ball 2-2: Ball 3-2: Base on Balls
|
Batting: SHB Billy E Smith
|
0-0: Foul Ball, location: 2F 0-1: Called Strike 0-2: Ball 1-2: Ball 2-2: Strikes out looking
|
Bottom of the 8th over - 0 runs, 0 hits, 0 errors, 1 left on base; Pittsburgh 3 - St. Louis 5 |
TOP OF THE 9TH |
Pittsburgh Pirates batting - Pitching for St. Louis Cardinals : RHP Larry Andersen
|
Now at 2B: Steve Lubratich
|
|
Now in LF: Mookie Wilson
|
|
Batting: SHB Chili Davis
|
0-0: Foul Ball, location: 2F 0-1: Foul Ball, location: 2F 0-2: SOLO HOME RUN (Flyball, 9D, EV 108.8 MPH), Distance : 386 ft
|
Batting: RHB Rennie Stennett
|
0-0: Ball 1-0: Ground out 6-3 (Groundball, 6, EV 100.6 MPH)
|
Batting: LHB Robert Lopez
|
0-0: Ball 1-0: Fly out, F2 (Popup, 2LF, EV 85.6 MPH)
|
Batting: LHB Greg Walker
|
0-0: Ball 1-0: Ground out 6-3 (Groundball, 6, EV 96.9 MPH)
|
Top of the 9th over - 1 run, 1 hit, 0 errors, 0 left on base; Pittsburgh 4 - St. Louis 5 |
|